 Dungeon Crawl Stone Soup version 0.29.1-15-g9cfb28693d (webtiles) character file.

Game seed: 7081650499228551675

28 protoss039 the Digger (level 3, 0/26 HPs)
             Began as a Demonspawn Earth Elementalist on Mar 14, 2023.
             Slain by Terence
             ... wielding a +0 hand axe
              (7 damage)
             ... on level 2 of the Dungeon.
             The game lasted 00:01:39 (1115 turns).

protoss039 the Digger (DsEE)                        Turns: 1115, Time: 00:01:40

Health: 0/26       AC:  8    Str:  8    XL:     3   Next: 0%
Magic:  6/6        EV: 10    Int: 18    God:
Gold:   33         SH:  0    Dex: 13    Spells: 3/6 levels left

rFire   x . .      SeeInvis .   j - +0 dagger
rCold   + . .      Faith    .   (no shield)
rNeg    . . .      Spirit   .   l - +0 ring mail
rPois   +          Reflect  .   (no helmet)
rElec   .          Harm     .   (no cloak)
rCorr   .          Rampage  .   h - +0 pair of gloves
Will    .....                   (no boots)
Stlth   +.........              (no amulet)
HPRegen 0.08/turn               c - ring of ice
MPRegen 0.10/turn               k - ring of poison resistance

@: no status effects
A: thin metallic scales 1
a: no special abilities


You were on level 2 of the Dungeon.
You visited 1 branch of the dungeon, and saw 2 of its levels.

You collected 33 gold pieces.

Inventory:

Hand Weapons
 j - a +0 dagger (weapon)
Armour
 h - a +0 pair of gloves (worn)
 l - a +0 ring mail (worn)
Jewellery
 c - a ring of ice (left hand)
 k - a ring of poison resistance (right hand)
Scrolls
 d - 3 scrolls of identify {unknown}
 g - a scroll of noise {unknown}
 i - 2 scrolls of teleportation {unknown}
Potions
 b - a potion of magic
 e - a potion of ambrosia {unknown}
 f - 3 potions of haste {unknown}


   Skills:
 + Level 1.3 Fighting
 * Level 0.1 Armour
 - Level 1.7 Dodging
 - Level 1.7 Stealth
 + Level 2.4 Spellcasting
 - Level 0.8 Transmutations
 + Level 3.1 Earth Magic


You had 3 spell levels left.
You knew the following spells:

 Your Spells              Type           Power      Damage    Failure   Level
a - Sandblast             Erth           26%        2d8       14%         1
b - Passwall              Tmut/Erth      7%         N/A       34%         2

Your spell library contained the following spells:

 Spells                   Type           Power      Damage    Failure   Level
 Stone Arrow              Conj/Erth      14%        3d7       63%         3
 Petrify                  Tmut/Erth      9%         N/A       93%         4
 Animate Dead             Necr           2%         N/A       99%         4
 Haunt                    Necr/Summ      1%         N/A       100%        7
 Infestation              Necr           1%         N/A       100%        8


Dungeon Overview and Level Annotations

Branches:
Dungeon (2/15) Zot: 10866

Altars:

Annotations:
D:2 Terence


Innate Abilities, Weirdness & Mutations

You are partially covered in thin metallic scales. (AC +2)


Message History

Terence is severely wounded.
Terence hits you but does no damage.
You completely miss Terence.
Terence is severely wounded.
Terence hits you with a +0 hand axe.
You hit Terence but do no damage.
Terence is severely wounded.
Terence hits you with a +0 hand axe.
You hit Terence but do no damage.
Terence is severely wounded.
Terence barely misses you.
You hit Terence but do no damage.
Terence is severely wounded.
Terence closely misses you.
You barely miss Terence.
Terence is severely wounded.
Terence hits you with a +0 hand axe.
* * * LOW HITPOINT WARNING * * *
You barely miss Terence.
Terence is severely wounded.
Terence hits you with a +0 hand axe.
* * * LOW HITPOINT WARNING * * *
You hit Terence but do no damage.
Terence is severely wounded.
Terence hits you but does no damage. Terence attacks as you move away!
Terence hits you but does no damage.
You hit Terence.
Terence is almost dead.
Terence barely misses you.
You hit Terence.
Terence is almost dead.
Terence closely misses you.
You hit Terence but do no damage.
Terence is almost dead.
Terence closely misses you.
You hit Terence but do no damage.
Terence is almost dead.
Terence barely misses you. Terence attacks as you move away!
Terence hits you with a +0 hand axe!
You die...

#..............
#.............. ###
#.............. ..
#..............
#.#######..............
####.(.....#..............
#...######.#..............
#.#.#<.....#....@.........
#..........#....@.........
.##.......#######'########
.########## ###.## .#####
#....#
.....##########....#
#...............(..#
#..................#
#.................##
###..............##


You could see Terence.

Vanquished Creatures
  A worm (D:2)
  A dart slug (D:1)
  4 bats
  An endoplasm (D:1)
  2 giant cockroaches (D:1)
  2 hobgoblins (D:1)
  A quokka (D:1)
  2 ball pythons (D:1)
  3 frilled lizards (D:1)
  4 goblins (D:1)
  A kobold (D:1)
  2 rats
24 creatures vanquished.

Notes
Turn   | Place    | Note
-------+----------+-------------------------------------------
     0 | D:1      | protoss039 the Demonspawn Earth Elementalist began the
                  | quest for the Orb.
     0 | D:1      | Reached XP level 1. HP: 13/13 MP: 3/3
   309 | D:1      | Gained mutation: You are partially covered in thin metallic
                  | scales. (AC +2) [demonic ancestry]
   309 | D:1      | Reached XP level 2. HP: 19/20 MP: 3/5
   408 | D:1      | Reached skill level 1 in Fighting
   428 | D:1      | Reached skill level 3 in Earth Magic
   975 | D:1      | Learned a level 2 spell: Passwall
  1067 | D:2      | Reached XP level 3. HP: 25/26 MP: 6/6
  1078 | D:2      | Noticed Terence
  1115 | D:2      | Slain by Terence

Illustrated notes

Levels and vault maps discovered:
D:1:      kennysheep_arrival_seaside, layout_rooms
D:2:      layout_basic, uniq_terence

Skill      XL: |  1  2 |
---------------+-------+-----
Fighting       | 1 |  1.3
Earth Magic    | 3 |  3.1
Armour         | |  0.1
Dodging        | |  1.7
Stealth        | |  1.7
Spellcasting   | |  2.4
Transmutations | |  0.8

Action                   || total
-------------------------++-------
Melee: Club              ||    11
       Dagger            ||    35
 Cast: Sandblast         ||    27
Armor: Robe              ||    11
       Ring mail         ||    11
Dodge: Dodged            ||    38
